 Dungeon Crawl Stone Soup version 0.29.0-4-gdea44cf6ec (webtiles) character file.

Game seed: 10266570258523952392

164 qw the Chopper (level 5, 0/30 HPs)
             Began as a Tengu Warper on Aug 28, 2022.
             Slain by an orc wizard
             ... wielding a +0 dagger
              (2 damage)
             ... on level 3 of the Dungeon.
             The game lasted 00:00:15 (2835 turns).

qw the Chopper (Tengu Warper)                       Turns: 2835, Time: 00:00:15

Health: 0/30       AC:  5    Str: 13 (14) XL:     5   Next: 45%
Magic:  9/9        EV: 13    Int: 13      God:
Gold:   113        SH:  0    Dex: 13      Spells: 8/8 levels left

rFire   . . .      SeeInvis .   Y - +0 war axe
rCold   . . .      Faith    .   (no shield)
rNeg    . . .      Spirit   .   i - +0 ring mail
rPois   .          Reflect  .   (helmet restricted)
rElec   .          Harm     .   (no cloak)
rCorr   .          Rampage  .   (no gloves)
Will    .....                   (boots unavailable)
Stlth   +.........              (no amulet)
HPRegen 0.10/turn               (no ring)
MPRegen 0.11/turn               (no ring)

@: flying quickly and evasively, quick
A: beak, talons 3, nimble flight
a: no special abilities


You were on level 3 of the Dungeon.
You visited 1 branch of the dungeon, and saw 3 of its levels.

You collected 113 gold pieces.


Innate Abilities, Weirdness & Mutations

You have a beak for a mouth.
You have claws for feet.
Your magical nature lets you fly swiftly and evasively.


   Skills:
 - Level 2.0 Fighting
 + Level 6.0 Axes
 - Level 1.0 Throwing
 - Level 1.1 Armour
 - Level 2.1 Dodging
 - Level 2.0 Spellcasting
 - Level 2.4 Translocations


You had 8 spell levels left.
You didn't know any spells.
Your spell library contained the following spells:

 Spells                   Type           Power      Damage    Failure   Level
 Blink                    Tloc           14%        N/A       30%         2
 Gell's Gravitas          Tloc           7%         N/A       52%         3
 Lesser Beckoning         Tloc           7%         N/A       52%         3
 Teleport Other           Tloc           7%         N/A       52%         3
 Manifold Assault         Tloc           7%         N/A       99%         5

Inventory:

Hand Weapons
 f - a +0 flail
 Y - a +0 war axe (weapon)
Armour
 i - a +0 ring mail (worn)
Scrolls
 g - a scroll of identify
 j - a scroll of butterflies {unknown}
Potions
 a - a potion of flight {unknown}
 b - a potion of magic {unknown}
 c - a potion of heal wounds {unknown}
 d - 2 potions of curing {unknown}
 e - a potion of might {unknown}
 h - a potion of attraction {unknown}

Dungeon Overview and Level Annotations

Branches:
Dungeon (3/15)

Altars:
Kikubaaqudgha


Message History

The magic dart hits you.
The orc wizard mumbles some strange words.
The orc wizard flickers and vanishes!
Deactivating autopickup; reactivate with Ctrl-A.
You slash the orc wizard! Your kick misses the orc wizard.
You peck the orc wizard, but do no damage.
The orc wizard is severely wounded.
You miss something. The orc wizard casts a spell at you.
The puff of flame hits you!
You closely miss the orc wizard. You claw the orc wizard.
You kill the orc wizard!
You closely miss the orc. Something hits you. The orc hits you with a +0 flail!
Your Axes skill increases to level 6!
You slash the orc!
You kill the orc!
You miss something. Something hits you but does no damage.
You feel your strength returning.
You hit the orc. Your kick misses the orc.
The orc is heavily wounded.
You hit something but do no damage. The orc hits you with a +0 dagger.
Something hits you.
You hit the orc.
The orc is almost dead.
You barely miss something. Something hits you but does no damage.
The orc hits you but does no damage.
You barely miss the orc. Your peck misses the orc.
The orc is almost dead.
You completely miss something. The orc hits you but does no damage.
You hear some strange, mumbled words.
A puff of flame appears from out of thin air!
The puff of flame hits you!
You hit the orc.
You kill the orc!
You miss something. Something hits you.
You die...

##..##.## #.#
#...##
#..##...## #.#
#.#...
#.##.....###.#
#.####
#.#.......#..#
#.# #
#....._.(...##
#.# #
###.......##
#.# ##.....##
#.# ##...##
#.# ## ##@##
#.# #. #o{#
##.###. #..#
#...... #..#
#..###. #..#
#######..# #.
#...
.........# #.
##.#
#######.####.
#.# #.# #..
#.# #.#


You could see an orc.

Vanquished Creatures
  Jessica (D:3)
  An orc wizard (D:3)
  3 gnolls (D:2)
  2 adders
  A worm (D:3)
  A dart slug (D:2)
  2 orcs (D:3)
  3 endoplasms
  3 giant cockroaches
  6 goblins
  8 hobgoblins
  6 jackals
  2 quokkas
  8 ball pythons
  3 bats
  3 frilled lizards
  3 kobolds (D:1)
  3 rats
59 creatures vanquished.

Vanquished Creatures (others)
  3 fungi (D:2)
  3 plants (D:2)
6 creatures vanquished.

Grand Total: 65 creatures vanquished

Notes
Turn   | Place    | Note
-------+----------+-------------------------------------------
     0 | D:1      | qw the Tengu Warper began the quest for the Orb.
     0 | D:1      | Reached XP level 1. HP: 12/12 MP: 4/4
     0 | D:1      | 0 ||| qw: Version: 0.1-a-89-g26bdef1
     0 | D:1      | 0 ||| qw: Game counter: 2843
     0 | D:1      | 0 ||| qw: Always use a shield: true
     0 | D:1      | 0 ||| qw: God list: Okawaru
     0 | D:1      | 0 ||| qw: Allow faded altars: false
     0 | D:1      | 0 ||| qw: Do Orc after D:15 true
     0 | D:1      | 0 ||| qw: Do second Lair branch before Depths: true
     0 | D:1      | 0 ||| qw: Lair rune preference: random
     0 | D:1      | 0 ||| qw: Plans: Normal
     0 | D:1      | 0 ||| PLANNING D:1-11
    73 | D:1      | 73 ||| SWAPPING to +0 war axe.
    74 | D:1      | 74 ||| DROPPING +0 hand axe.
    91 | D:1      | 91 ||| Stepping ~*~*~tactically~*~*~ (stealth).
   111 | D:1      | 111 ||| Stepping ~*~*~tactically~*~*~ (stealth).
   156 | D:1      | Reached skill level 3 in Axes
   156 | D:1      | Reached XP level 2. HP: 10/17 MP: 6/6
   887 | D:1      | 887 ||| UPGRADING to +0 ring mail.
   897 | D:1      | 897 ||| DROPPING +0 leather armour.
   898 | D:1      | 898 ||| READING 2 scrolls labelled ETYUSO XESMURPH.
   899 | D:1      | 899 ||| READING 2 scrolls labelled DOGADI MEGUNT.
   900 | D:1      | 900 ||| READING scroll labelled OLAXAU HEEHICW.
   901 | D:1      | 901 ||| DROPPING scroll of blinking.
   902 | D:1      | 902 ||| DROPPING scroll of vulnerability.
  1137 | D:2      | Reached XP level 3. HP: 20/21 MP: 7/7
  1225 | D:2      | Found a faded altar of an unknown god.
  1272 | D:2      | Reached skill level 4 in Axes
  1357 | D:2      | 1357 ||| Stepping ~*~*~tactically~*~*~ (stealth).
  1361 | D:2      | 1361 ||| Stepping ~*~*~tactically~*~*~ (stealth).
  1372 | D:2      | Reached XP level 4. HP: 23/26 MP: 8/8
  1379 | D:2      | 1379 ||| FLEEEEING.
  1381 | D:2      | 1381 ||| FLEEEEING.
  1382 | D:2      | 1382 ||| FLEEEEING.
  1383 | D:2      | 1383 ||| FLEEEEING.
  1384 | D:2      | 1384 ||| FLEEEEING.
  1385 | D:2      | 1385 ||| FLEEEEING.
  1386 | D:2      | 1386 ||| FLEEEEING.
  1387 | D:2      | 1387 ||| STAIRDANCE
  1501 | D:1      | 1501 ||| READING scroll labelled RUDEBLEOHE.
  1505 | D:2      | 1505 ||| STAIRDANCE
  1607 | D:2      | 1607 ||| Stepping ~*~*~tactically~*~*~ (stealth).
  1608 | D:2      | 1608 ||| DROPPING +0 club.
  1868 | D:2      | Reached skill level 5 in Axes
  2063 | D:2      | 2063 ||| DRINKING 2 lumpy golden potions.
  2064 | D:2      | 2064 ||| DROPPING potion of degeneration.
  2157 | D:3      | 2157 ||| Stepping ~*~*~tactically~*~*~ (stealth).
  2226 | D:3      | 2226 ||| Stepping ~*~*~tactically~*~*~ (stealth).
  2230 | D:3      | 2230 ||| Stepping ~*~*~tactically~*~*~ (stealth).
  2577 | D:3      | Noticed Jessica
  2578 | D:3      | 2578 ||| Stepping ~*~*~tactically~*~*~ (hiding).
  2584 | D:3      | 2584 ||| FLEEEEING.
  2585 | D:3      | 2585 ||| FLEEEEING.
  2586 | D:3      | 2586 ||| FLEEEEING.
  2588 | D:3      | 2588 ||| FLEEEEING.
  2591 | D:3      | 2591 ||| Stepping ~*~*~tactically~*~*~ (stealth).
  2596 | D:3      | Killed Jessica
  2597 | D:3      | Gained mutation: Your magical nature lets you fly swiftly
                  | and evasively. [Tengu growth]
  2597 | D:3      | Reached XP level 5. HP: 22/30 MP: 9/9
  2614 | D:3      | 2614 ||| FLEEEEING.
  2615 | D:3      | 2615 ||| FLEEEEING.
  2636 | D:3      | 2636 ||| FLEEEEING.
  2790 | D:3      | Found an ancient bone altar of Kikubaaqudgha.
  2824 | D:3      | 2824 ||| Stepping ~*~*~tactically~*~*~ (stealth).
  2831 | D:3      | Reached skill level 6 in Axes
  2834 | D:3      | HP: 2/30 [something/puff of flame (7)]
  2835 | D:3      | Slain by an orc wizard

Levels and vault maps discovered:
D:1:      roderic_chinese_lattice_arrival, layout_loops_cross
D:2:      layout_basic, shapermc_ecumenical_altar_mp_ritualfount
D:3:      layout_loops_ring, lemuel_round_altar,
          nicolae_qazlal_eye_of_the_storm, nzn_hepliaklqana_mist_gate,
          uniq_jessica

Skill      XL: |  1  2  3  4  5 |
---------------+----------------+-----
Axes           | 3 4 5 6 |  6.0
Fighting       | |  2.0
Throwing       | |  1.0
Armour         | |  1.1
Dodging        | |  2.1
Spellcasting   | |  2.0
Translocations | |  2.4

Action                   |  1- 3 |  4- 6 || total
-------------------------+-------+-------++-------
Melee: War axe           |    70 |    69 ||   139
       Hand axe          |     5 |       ||     5
       Peck              |    12 |    11 ||    23
       Kick              |     7 |    10 ||    17
       Punch             |     2 |     1 ||     3
Throw: Boomerang         |     7 |       ||     7
  Use: Scroll            |     3 |     1 ||     4
       Potion            |       |     1 ||     1
Armor: Leather armour    |     9 |       ||     9
       Ring mail         |    15 |    18 ||    33
Dodge: Dodged            |    45 |    24 ||    69

Table legend:
 A = Non-vault XP
 B = Vault XP
 C = Vault XP percentage of total XP
 D = Non-vault monster count
 E = Vault monster count
 F = Vault count percentage of total count
                 A         B        C        D         E       F
            +---------+---------+-------+---------+---------+-------
      Total |     201 |      37 |  15.5 |      58 |       1 |   1.7
            +---------+---------+-------+---------+---------+-------
        D:1 |      25 |       0 |   0.0 |      17 |       0 |   0.0
        D:2 |      89 |       0 |   0.0 |      22 |       0 |   0.0
        D:3 |      87 |      37 |  29.8 |      19 |       1 |   5.0
            +---------+---------+-------+---------+---------+-------
